Gangsters vs Ice Dragons
Created - February 11, 2019 at 19:04
Goals
|
| Gangsters |
0 |
1 |
3 |
4 |
| Ice Dragons |
1 |
7 |
0 |
8 |
|
Shots
|
| Gangsters |
8 |
14 |
12 |
34 |
| Ice Dragons |
16 |
23 |
10 |
49 |
|
1st period
1. Ice Dragons , Justin Shugg 1 (Kevin Connauton 17, Sam Carrick 8) at 5:06
Penalties :
Brandon Kozun (Kin) for Holding (Minor) at 0:44
2nd period
2. Ice Dragons , Sam Carrick 7 (Kevin Connauton 18, Cole Ully 4) at 1:34
3. Gangsters , Devante Smith-Pelly 17 (Tomas Hertl 35, Brett Ponich 20) at 4:30
4. Ice Dragons , Chris Wagner 5 (Michael Chaput 16, Michael Stone 16) at 4:40
5. Ice Dragons , Luke Adam 19 (Brandon Kozun 20, William Carrier 12) at 6:25 (PP)
6. Ice Dragons , Brandon Kozun 17 (Luke Adam 16, David Rundblad 23) at 9:25
7. Ice Dragons , Brandon Kozun 18 (Luke Adam 17) at 9:33
8. Ice Dragons , David Rundblad 3 (Michael Ferland 7) at 10:06
9. Ice Dragons , David Rundblad 4 (Matt Corrente 10, Michael Chaput 17) at 16:42 (PP)
Penalties :
Devante Smith-Pelly (Bro) for Hooking (Minor) at 4:43, David Pope (Bro) for Tripping (Minor) at 15:47
3rd period
10. Gangsters , Maxime Sauvé 36 (Richard Panik 24, Matt Delahey 25) at 3:50 (PP)
11. Gangsters , Seth Griffith 4 (Stefan Noesen 13) at 4:58
12. Gangsters , Devante Smith-Pelly 18 (Tomas Hertl 36, Richard Panik 25) at 6:03 (PP)
Penalties :
Justin Shugg (Kin) for High sticking (Minor) at 3:39, Luke Adam (Kin) for Interference (Minor) at 5:21
Goalie Stats
Mike Condon (Bro), 21 saves from 27 shots - (0.778), L, 8-5-0, 29:33 minutes
Dustin Tokarski (Bro), 20 saves from 22 shots - (0.909), 30:27 minutes
Harru Sateri (Kin), 30 saves from 34 shots - (0.882), W, 10-11-3, 60:00 minutes
Players Stats for Gangsters
Player Name G A P +/- PIM S H SB GA TA FO MP PP MP PK MP
------------------------------------------------------------------------------------
Alexander Wennberg 0 0 0 0 0 4 0 0 0 0 1/7 10:56 0:00 0:25
Artturi Lehkonen 0 0 0 0 0 0 2 0 0 0 0/0 8:07 0:00 0:00
Austen Brassard 0 0 0 0 0 0 0 0 0 0 0/0 0:18 0:18 0:00
Brett Ponich 0 1 1 -3 0 2 1 1 1 0 0/0 24:18 1:49 2:06
Dave Dziurzynski 0 0 0 -3 0 1 1 0 1 0 0/1 21:33 1:23 0:00
David Pope 0 0 0 -1 2 1 1 2 1 0 0/0 16:53 1:11 0:00
Derrick Pouliot 0 0 0 1 0 0 1 1 0 1 0/0 19:11 1:03 0:31
Devante Smith-Pelly 2 0 2 -1 2 6 2 0 0 0 2/2 17:10 1:11 0:17
Jonas Brodin 0 0 0 1 0 1 0 3 0 0 0/0 18:37 1:03 0:31
Jordan Subban 0 0 0 0 0 0 0 0 0 0 0/0 4:15 0:00 0:00
Kevin Roy 0 0 0 0 0 0 0 0 0 0 0/0 0:18 0:18 0:00
Matt Delahey 0 1 1 -3 0 3 1 0 2 2 0/0 27:59 1:49 2:06
Maxime Sauvé 1 0 1 -3 0 7 1 1 0 0 14/30 23:28 1:23 1:55
Phillip Danault 0 0 0 0 0 0 1 0 1 0 0/0 10:43 0:00 0:12
Richard Panik 0 2 2 -3 0 3 4 0 0 1 0/2 23:28 1:23 1:55
Ryan Culkin 0 0 0 -2 0 0 1 2 0 0 0/0 12:50 0:00 0:00
Sebastian Collberg 0 0 0 0 0 2 0 0 0 0 0/0 8:07 0:00 0:00
Seth Griffith 1 0 1 0 0 2 0 1 0 0 2/5 8:07 0:00 0:00
Stefan Noesen 0 1 1 0 0 0 2 1 0 0 0/0 10:49 0:18 0:00
Steven Santini 0 0 0 -2 0 0 1 1 0 0 0/0 12:50 0:00 0:00
Tomas Hertl 0 2 2 -1 0 2 1 0 0 0 15/25 17:24 1:11 0:30
Players Stats for Ice Dragons
Player Name G A P +/- PIM S H SB GA TA FO MP PP MP PK MP
------------------------------------------------------------------------------------
Alex Henriksson 0 0 0 0 0 1 0 0 0 0 1/1 7:20 0:00 0:00
Alex Plante 0 0 0 1 0 1 1 1 0 0 0/0 11:43 0:00 0:09
Brandon Kozun 2 1 3 1 2 7 0 0 1 0 4/6 21:15 1:43 0:00
Chris Wagner 1 0 1 1 0 1 1 0 0 1 1/3 16:51 0:54 0:00
Cole Ully 0 1 1 2 0 1 1 0 0 0 2/2 12:43 0:00 1:02
David Rundblad 2 1 3 0 0 6 3 5 1 3 0/0 29:46 2:03 1:17
Emil Pettersson 0 0 0 0 0 1 1 0 0 0 3/5 7:46 0:00 0:20
Justin Shugg 1 0 1 2 2 2 0 0 0 0 0/0 11:40 0:00 0:00
Kevin Connauton 0 2 2 3 0 1 0 1 0 0 0/0 18:31 0:34 1:26
Luke Adam 1 2 3 1 2 14 0 0 1 0 14/29 22:06 1:43 0:57
Matt Corrente 0 1 1 0 0 6 7 0 0 2 0/0 29:55 2:03 1:26
Michael Chaput 0 2 2 1 0 2 2 1 0 0 9/18 18:42 0:54 1:51
Michael Ferland 0 1 1 1 0 1 0 0 0 0 1/2 17:17 0:54 0:20
Michael Stone 0 1 1 3 0 2 0 2 1 0 0/0 18:31 0:34 1:26
Sam Carrick 1 1 2 2 0 1 4 0 0 0 2/4 12:55 0:00 1:14
Samuel Groulx 0 0 0 1 0 0 0 0 0 0 0/0 11:34 0:00 0:00
Thomas Gobeil 0 0 0 0 0 0 0 1 0 0 0/0 7:20 0:00 0:00
William Carrier 0 1 1 1 0 2 0 0 0 0 1/2 21:10 1:43 0:00
3 Stars
1 - David Rundblad (Kin)
2 - Sam Carrick (Kin)
3 - Brandon Kozun (Kin)
Power Play
Gangsters - 2 on 3 Attempt(s) - 66.67%
Ice Dragons - 2 on 2 Attempt(s) - 100.00%
Penalty Kill
Gangsters - 0 on 2 Attempt(s) - 0.00%
- Score 0 goal in Penalty Kill
Ice Dragons - 1 on 3 Attempt(s) - 33.33%
- Score 0 goal in Penalty Kill
Team Stat
Gangsters - Hits : 20 - Faceoff Wins : 34 - Blocked Shots : 13 - Penalty Minutes : 4
Ice Dragons - Hits : 20 - Faceoff Wins : 38 - Blocked Shots : 11 - Penalty Minutes : 6
Official
Referees : Unknown
Linesman : Unknown
Game Notes
Dustin Tokarski enters game at 9:33 of 2nd period
Finance
Level 1 -- Attendance: 1368 (68.40%) -- Ticket Income $54,720
Level 2 -- Attendance: 755 (75.50%) -- Ticket Income $15,100
Total Attendance: 2123 (70.77%)
Total Ticket Income: $69,820
Other Income: $3,491
Total Income: $73,311
Gangsters
5 vs 5 Forward
Center Left Wing Right Wing Time % Phy DF OF
1 Maxime Sauvé Dave Dziurzynski Richard Panik 40 1 2 2
2 Tomas Hertl David Pope Devante Smith-Pelly 30 1 2 2
3 Alexander Wennberg Phillip Danault Stefan Noesen 20 1 2 2
4 Seth Griffith Artturi Lehkonen Sebastian Collberg 10 1 2 2
5 vs 5 Defense
Defense Defense Time % Phy DF OF
1 Matt Delahey Brett Ponich 40 1 2 2
2 Jonas Brodin Derrick Pouliot 30 1 2 2
3 Ryan Culkin Steven Santini 20 1 2 2
4 Jordan Subban Matt Delahey 10 1 2 2
PowerPlay Forward
Center Left Wing Right Wing Time % Phy DF OF
1 Maxime Sauvé Dave Dziurzynski Richard Panik 60 1 2 2
2 Tomas Hertl David Pope Devante Smith-Pelly 40 1 2 2
PowerPlay Defense
Defense Defense Time % Phy DF OF
1 Matt Delahey Brett Ponich 60 1 2 2
2 Jonas Brodin Derrick Pouliot 40 1 2 2
Penalty Kill 4 Players Forward
Center Wing Time % Phy DF OF
1 Maxime Sauvé Richard Panik 60 1 2 2
2 Tomas Hertl Devante Smith-Pelly 40 1 2 2
Penalty Kill 4 Players Defense
Defense Defense Time % Phy DF OF
1 Matt Delahey Brett Ponich 60 1 2 2
2 Jonas Brodin Derrick Pouliot 40 1 2 2
Penalty Kill - 3 Players Forward
Forward Time % Phy DF OF
1 Maxime Sauvé 60 1 2 2
2 Richard Panik 40 1 2 2
Penalty Kill - 3 Players Defense
Defense Defense Time % Phy DF OF
1 Matt Delahey Brett Ponich 60 1 2 2
2 Jonas Brodin Derrick Pouliot 40 1 2 2
4 vs 4 Forward
Center Wing Time % Phy DF OF
1 Maxime Sauvé Richard Panik 60 1 2 2
2 Tomas Hertl Devante Smith-Pelly 40 1 2 2
4 vs 4 Defense
Defense Defense Time % Phy DF OF
1 Matt Delahey Brett Ponich 60 1 2 2
2 Jonas Brodin Derrick Pouliot 40 1 2 2
Last Minutes Offensive
Center Left Wing Right Wing Defense Defense
Maxime Sauvé Dave Dziurzynski Richard Panik Matt Delahey Brett Ponich
Last Minutes Defensive
Center Left Wing Right Wing Defense Defense
Maxime Sauvé Dave Dziurzynski Richard Panik Matt Delahey Brett Ponich
Goaltenders
Starting : Mike Condon
Backup : Dustin Tokarski
Extra Forwards
Normal : Kevin Roy, Austen Brassard, Alexander Wennberg - PP : Kevin Roy, Austen Brassard - PK : Alexander Wennberg
Extra Defensemen
Normal : Ryan Culkin, Steven Santini, Jordan Subban - PP : Ryan Culkin - PK : Steven Santini, Jordan Subban
Penalty Shots
Maxime Sauvé, Richard Panik, Tomas Hertl, Devante Smith-Pelly, Dave Dziurzynski
Scratches
Morgan Ellis (Bruised Right Arm Injury), Jordan Binnington (Healthy)
Ice Dragons
5 vs 5 Forward
Center Left Wing Right Wing Time % Phy DF OF
1 Luke Adam William Carrier Brandon Kozun 40 1 2 2
2 Michael Chaput Michael Ferland Chris Wagner 30 1 2 2
3 Sam Carrick Cole Ully Justin Shugg 20 1 2 2
4 Emil Pettersson Alex Henriksson Thomas Gobeil 10 1 2 2
5 vs 5 Defense
Defense Defense Time % Phy DF OF
1 Matt Corrente David Rundblad 40 1 2 2
2 Kevin Connauton Michael Stone 30 1 2 2
3 Samuel Groulx Alex Plante 20 1 2 2
4 Matt Corrente David Rundblad 10 1 2 2
PowerPlay Forward
Center Left Wing Right Wing Time % Phy DF OF
1 Luke Adam William Carrier Brandon Kozun 60 1 2 2
2 Michael Chaput Michael Ferland Chris Wagner 40 1 2 2
PowerPlay Defense
Defense Defense Time % Phy DF OF
1 Matt Corrente David Rundblad 60 1 2 2
2 Kevin Connauton Michael Stone 40 1 2 2
Penalty Kill 4 Players Forward
Center Wing Time % Phy DF OF
1 Luke Adam Michael Chaput 60 1 2 2
2 Brandon Kozun Sam Carrick 40 1 2 2
Penalty Kill 4 Players Defense
Defense Defense Time % Phy DF OF
1 Matt Corrente David Rundblad 60 1 2 2
2 Kevin Connauton Michael Stone 40 1 2 2
Penalty Kill - 3 Players Forward
Forward Time % Phy DF OF
1 Luke Adam 60 1 2 2
2 Michael Chaput 40 1 2 2
Penalty Kill - 3 Players Defense
Defense Defense Time % Phy DF OF
1 Matt Corrente David Rundblad 60 1 2 2
2 Kevin Connauton Michael Stone 40 1 2 2
4 vs 4 Forward
Center Wing Time % Phy DF OF
1 Luke Adam Michael Chaput 60 1 2 2
2 Brandon Kozun Sam Carrick 40 1 2 2
4 vs 4 Defense
Defense Defense Time % Phy DF OF
1 Matt Corrente David Rundblad 60 1 2 2
2 Kevin Connauton Michael Stone 40 1 2 2
Last Minutes Offensive
Center Left Wing Right Wing Defense Defense
Luke Adam William Carrier Brandon Kozun Matt Corrente David Rundblad
Last Minutes Defensive
Center Left Wing Right Wing Defense Defense
Luke Adam William Carrier Brandon Kozun Matt Corrente David Rundblad
Goaltenders
Starting : Harru Sateri
Backup : Anders Nilsson
Extra Forwards
Normal : Emil Pettersson, Justin Shugg, Cole Ully - PP : Emil Pettersson, Justin Shugg - PK : Cole Ully
Extra Defensemen
Normal : Samuel Groulx, Alex Plante, Kevin Connauton - PP : Samuel Groulx - PK : Alex Plante, Kevin Connauton
Penalty Shots
Luke Adam, Michael Chaput, Brandon Kozun, Sam Carrick, William Carrier
Scratches
Brian Boyle (Fractured Metatarsal (Right Foot) Injury), Theodor Blueger (Healthy), Brayden McNabb (Bruised Right Arm Injury), Christian Djoos (Healthy), Logan MacMillan (Lacerated Left Calf Injury)
Oscar Dansk (Healthy)
% Time on Ice - Gangsters
Lines # - Real PCT - Wanted PCT - Time Play
Normal Forward
1 - 37% - 40% - 20:10
2 - 29% - 30% - 15:43
3 - 19% - 20% - 10:31
4 - 15% - 10% - 8:07
Normal Defense
1 - 37% - 40% - 20:23
2 - 31% - 30% - 17:03
3 - 24% - 20% - 12:50
4 - 8% - 10% - 4:15
PP Forward
1 - 59% - 60% - 1:41
2 - 41% - 40% - 1:11
PP Defense
1 - 63% - 60% - 1:49
2 - 37% - 40% - 1:03
PK Forward
1 - 81% - 60% - 2:07
2 - 19% - 40% - 0:30
PK Defense
1 - 80% - 60% - 2:06
2 - 20% - 40% - 0:31
PK3 Forward
1 - 0% - 60%
2 - 0% - 40%
PK3 Defense
1 - 0% - 60%
2 - 0% - 40%
44 Forward
1 - 0% - 60%
2 - 0% - 40%
44 Defense
1 - 0% - 60%
2 - 0% - 40%
Last Minute Offensive - 0:00
Last Minute Defensive - 0:00
Total
Forward - 60:00
Defense - 60:00
|
% Time on Ice - Ice Dragons
Lines # - Real PCT - Wanted PCT - Time Play
Normal Forward
1 - 36% - 40% - 19:33
2 - 29% - 30% - 15:57
3 - 21% - 20% - 11:41
4 - 13% - 10% - 7:20
Normal Defense
1 - 41% - 40% - 22:29
2 - 30% - 30% - 16:31
3 - 21% - 20% - 11:34
4 - 7% - 10% - 3:57
PP Forward
1 - 66% - 60% - 1:43
2 - 34% - 40% - 0:54
PP Defense
1 - 78% - 60% - 2:03
2 - 22% - 40% - 0:34
PK Forward
1 - 69% - 60% - 1:58
2 - 31% - 40% - 0:54
PK Defense
1 - 50% - 60% - 1:26
2 - 50% - 40% - 1:26
PK3 Forward
1 - 0% - 60%
2 - 0% - 40%
PK3 Defense
1 - 0% - 60%
2 - 0% - 40%
44 Forward
1 - 0% - 60%
2 - 0% - 40%
44 Defense
1 - 0% - 60%
2 - 0% - 40%
Last Minute Offensive - 0:00
Last Minute Defensive - 0:00
Total
Forward - 60:00
Defense - 60:00
|
Play-by-Play
1st period
0:01 of 1st period - Luke Adam wins face-off versus Maxime Sauvé in neutral zone.
0:24 of 1st period - David Rundblad is hit by Richard Panik and loses puck.
0:35 of 1st period - Wrist shot by Maxime Sauvé.
0:35 of 1st period - Stopped by Harru Sateri with a rebound.
0:37 of 1st period - Slapshot by Brett Ponich.
0:37 of 1st period - Stopped by Harru Sateri with a rebound.
0:44 of 1st period - Minor Penalty to Brandon Kozun for Holding.
0:45 of 1st period - Tomas Hertl wins face-off versus Luke Adam in Ice Dragons zone.
1:21 of 1st period - Dave Dziurzynski is hit by Sam Carrick and loses puck.
2:44 of 1st period - Penalty to Brandon Kozun is over, Brandon Kozun is back on ice.
3:03 of 1st period - Alex Plante is hit by Artturi Lehkonen and loses puck.
3:16 of 1st period - Wrist shot by Luke Adam.
3:16 of 1st period - Stopped by Mike Condon with a rebound.
3:41 of 1st period - Dave Dziurzynski is hit by Michael Chaput and loses puck.
3:54 of 1st period - Luke Adam is hit by Steven Santini and loses puck.
4:12 of 1st period - Sam Carrick is hit by Derrick Pouliot and loses puck.
5:00 of 1st period - Slapshot by Kevin Connauton.
5:00 of 1st period - Shot Misses the Net.
5:06 of 1st period - Slapshot by Kevin Connauton.
5:06 of 1st period - Deflect By Justin Shugg.
5:06 of 1st period - Goal by Justin Shugg - Gangsters : 0 - Ice Dragons : 1.
5:07 of 1st period - Michael Chaput wins face-off versus Tomas Hertl in neutral zone.
5:10 of 1st period - David Pope is hit by David Rundblad and loses puck.
5:59 of 1st period - Snap shot by Matt Corrente.
5:59 of 1st period - Shot Blocked by Derrick Pouliot.
6:01 of 1st period - Slapshot by Matt Corrente.
6:01 of 1st period - Shot Misses the Net.
6:03 of 1st period - Backhand shot by David Rundblad.
6:03 of 1st period - Stopped by Mike Condon without a rebound.
6:04 of 1st period - Emil Pettersson wins face-off versus Tomas Hertl in Gangsters zone.
6:07 of 1st period - Slapshot by Kevin Connauton.
6:07 of 1st period - Stopped by Mike Condon without a rebound.
6:08 of 1st period - Tomas Hertl wins face-off versus Michael Chaput in Gangsters zone.
6:08 of 1st period - Tomas Hertl is hit by Michael Chaput.
7:00 of 1st period - Slapshot by Michael Stone.
7:00 of 1st period - Stopped by Mike Condon with a rebound.
7:35 of 1st period - Matt Corrente is hit by Matt Delahey and loses puck.
7:56 of 1st period - Snap shot by Brandon Kozun.
7:56 of 1st period - Shot Misses the Net.
8:14 of 1st period - Wrist shot by Alexander Wennberg.
8:14 of 1st period - Stopped by Harru Sateri without a rebound.
8:15 of 1st period - Emil Pettersson wins face-off versus Alexander Wennberg in Ice Dragons zone.
10:30 of 1st period - Off-side.
10:31 of 1st period - Seth Griffith wins face-off versus Luke Adam in neutral zone.
10:39 of 1st period - Icing by Brandon Kozun.
10:40 of 1st period - Tomas Hertl wins face-off versus Brandon Kozun in Ice Dragons zone.
11:00 of 1st period - Snap shot by Luke Adam.
11:00 of 1st period - Shot Misses the Net.
11:02 of 1st period - Wrist shot by Brandon Kozun.
11:02 of 1st period - Shot Blocked by David Pope.
11:04 of 1st period - Snap shot by Luke Adam.
11:04 of 1st period - Stopped by Mike Condon without a rebound.
11:05 of 1st period - Maxime Sauvé wins face-off versus Chris Wagner in Gangsters zone.
11:54 of 1st period - Wrist shot by Matt Corrente.
11:54 of 1st period - Deflect By Tomas Hertl.
11:54 of 1st period - Stopped by Mike Condon with a rebound.
12:16 of 1st period - Snap shot by Luke Adam.
12:16 of 1st period - Stopped by Mike Condon without a rebound.
12:17 of 1st period - Brandon Kozun wins face-off versus Seth Griffith in Gangsters zone.
12:22 of 1st period - Backhand shot by Luke Adam.
12:22 of 1st period - Stopped by Mike Condon with a rebound.
12:27 of 1st period - Off-side.
12:28 of 1st period - Maxime Sauvé wins face-off versus Michael Chaput in neutral zone.
13:36 of 1st period - Slapshot by Emil Pettersson.
13:36 of 1st period - Shot Blocked by Seth Griffith.
13:38 of 1st period - Slapshot by Alex Plante.
13:38 of 1st period - Stopped by Mike Condon without a rebound.
13:39 of 1st period - Emil Pettersson wins face-off versus Seth Griffith in Gangsters zone.
13:50 of 1st period - Slapshot by Matt Corrente.
13:50 of 1st period - Shot Blocked by Ryan Culkin.
13:52 of 1st period - Slapshot by David Rundblad.
13:52 of 1st period - Deflect By Alex Henriksson.
13:52 of 1st period - Deflect By Steven Santini.
13:52 of 1st period - Stopped by Mike Condon without a rebound.
13:53 of 1st period - Michael Chaput wins face-off versus Maxime Sauvé in Gangsters zone.
13:56 of 1st period - Wrist shot by Michael Chaput.
13:56 of 1st period - Shot Blocked by Brett Ponich.
14:27 of 1st period - Wrist shot by Richard Panik.
14:27 of 1st period - Deflect By Maxime Sauvé.
14:27 of 1st period - Stopped by Harru Sateri without a rebound.
14:28 of 1st period - Tomas Hertl wins face-off versus Luke Adam in Ice Dragons zone.
14:41 of 1st period - Snap shot by Brandon Kozun.
14:41 of 1st period - Shot Misses the Net.
14:54 of 1st period - Wrist shot by Alexander Wennberg.
14:54 of 1st period - Stopped by Harru Sateri without a rebound.
14:55 of 1st period - Alexander Wennberg wins face-off versus Chris Wagner in Ice Dragons zone.
15:06 of 1st period - Snap shot by Alexander Wennberg.
15:06 of 1st period - Stopped by Harru Sateri with a rebound.
15:20 of 1st period - Slapshot by Matt Corrente.
15:20 of 1st period - Deflect By Chris Wagner.
15:20 of 1st period - Shot Misses the Net.
15:20 of 1st period - Puck is out of play.
15:21 of 1st period - Luke Adam wins face-off versus Maxime Sauvé in Gangsters zone.
15:22 of 1st period - Wrist shot by Brandon Kozun.
15:22 of 1st period - Deflect By Luke Adam.
15:22 of 1st period - Shot Misses the Net.
15:22 of 1st period - Puck is out of play.
15:23 of 1st period - Luke Adam wins face-off versus Maxime Sauvé in Gangsters zone.
15:24 of 1st period - Wrist shot by Brandon Kozun.
15:24 of 1st period - Stopped by Mike Condon without a rebound.
15:25 of 1st period - Maxime Sauvé wins face-off versus Luke Adam in Gangsters zone.
15:47 of 1st period - Derrick Pouliot is hit by Matt Corrente and loses puck.
16:22 of 1st period - Brandon Kozun is hit by Dave Dziurzynski and loses puck.
16:37 of 1st period - Snap shot by Luke Adam.
16:37 of 1st period - Deflect By Brandon Kozun.
16:37 of 1st period - Stopped by Mike Condon with a rebound.
16:39 of 1st period - Wrist shot by Luke Adam.
16:39 of 1st period - Stopped by Mike Condon with a rebound.
16:43 of 1st period - Slapshot by Luke Adam.
16:43 of 1st period - Shot Blocked by Maxime Sauvé.
17:34 of 1st period - Snap shot by Maxime Sauvé.
17:34 of 1st period - Shot Blocked by David Rundblad.
17:50 of 1st period - Wrist shot by Brandon Kozun.
17:50 of 1st period - Stopped by Mike Condon with a rebound.
18:08 of 1st period - Slapshot by Maxime Sauvé.
18:08 of 1st period - Shot Misses the Net.
18:40 of 1st period - Wrist shot by Luke Adam.
18:40 of 1st period - Stopped by Mike Condon without a rebound.
18:41 of 1st period - Michael Chaput wins face-off versus Tomas Hertl in Gangsters zone.
18:52 of 1st period - Wrist shot by Tomas Hertl.
18:52 of 1st period - Shot Misses the Net.
18:54 of 1st period - Slapshot by Matt Delahey.
18:54 of 1st period - Deflect By Devante Smith-Pelly.
18:54 of 1st period - Stopped by Harru Sateri with a rebound.
18:56 of 1st period - Snap shot by Devante Smith-Pelly.
18:56 of 1st period - Shot Blocked by Michael Chaput.
19:06 of 1st period - Matt Delahey is hit by Sam Carrick and loses puck.
19:15 of 1st period - Wrist shot by Alexander Wennberg.
19:15 of 1st period - Stopped by Harru Sateri with a rebound.
Goals for this period are 0 for Gangsters vs 1 for Ice Dragons.
Shots for this period are 8 for Gangsters vs 16 for Ice Dragons.
2nd period
0:01 of 2nd period - Tomas Hertl wins face-off versus Michael Chaput in neutral zone.
0:16 of 2nd period - David Pope is hit by Alex Plante and loses puck.
0:37 of 2nd period - Wrist shot by Maxime Sauvé.
0:37 of 2nd period - Stopped by Harru Sateri with a rebound.
0:39 of 2nd period - Wrist shot by Dave Dziurzynski.
0:39 of 2nd period - Stopped by Harru Sateri with a rebound.
0:41 of 2nd period - Snap shot by Maxime Sauvé.
0:41 of 2nd period - Stopped by Harru Sateri with a rebound.
1:01 of 2nd period - Snap shot by Luke Adam.
1:01 of 2nd period - Stopped by Mike Condon without a rebound.
1:02 of 2nd period - Tomas Hertl wins face-off versus Michael Chaput in Gangsters zone.
1:02 of 2nd period - Tomas Hertl is hit by David Rundblad.
1:13 of 2nd period - Matt Corrente is hit by Devante Smith-Pelly and loses puck.
1:18 of 2nd period - Snap shot by Michael Chaput.
1:18 of 2nd period - Shot Blocked by David Pope.
1:28 of 2nd period - Snap shot by Sam Carrick.
1:28 of 2nd period - Deflect By Tomas Hertl.
1:28 of 2nd period - Shot Blocked by Ryan Culkin.
1:28 of 2nd period - Puck is out of play.
1:29 of 2nd period - Cole Ully wins face-off versus Maxime Sauvé in Gangsters zone.
1:30 of 2nd period - Snap shot by Sam Carrick.
1:30 of 2nd period - Shot Misses the Net.
1:34 of 2nd period - Slapshot by Sam Carrick.
1:34 of 2nd period - Goal by Sam Carrick - Gangsters : 0 - Ice Dragons : 2.
1:35 of 2nd period - Tomas Hertl wins face-off versus Michael Chaput in neutral zone.
1:37 of 2nd period - Matt Delahey is hit by Matt Corrente and loses puck.
2:01 of 2nd period - Michael Ferland is hit by Brett Ponich and loses puck.
3:23 of 2nd period - Wrist shot by Emil Pettersson.
3:23 of 2nd period - Stopped by Mike Condon with a rebound.
3:39 of 2nd period - Slapshot by David Rundblad.
3:39 of 2nd period - Deflect By Richard Panik.
3:39 of 2nd period - Stopped by Mike Condon with a rebound.
3:41 of 2nd period - Snap shot by Justin Shugg.
3:41 of 2nd period - Stopped by Mike Condon with a rebound.
3:57 of 2nd period - Alex Plante is hit by Artturi Lehkonen and loses puck.
4:02 of 2nd period - Slapshot by Matt Delahey.
4:02 of 2nd period - Stopped by Harru Sateri without a rebound.
4:03 of 2nd period - Tomas Hertl wins face-off versus Emil Pettersson in Ice Dragons zone.
4:04 of 2nd period - Snap shot by Devante Smith-Pelly.
4:04 of 2nd period - Shot Misses the Net.
4:06 of 2nd period - Snap shot by Devante Smith-Pelly.
4:06 of 2nd period - Stopped by Harru Sateri with a rebound.
4:12 of 2nd period - Wrist shot by Tomas Hertl.
4:12 of 2nd period - Stopped by Harru Sateri with a rebound.
4:14 of 2nd period - Snap shot by David Pope.
4:14 of 2nd period - Stopped by Harru Sateri without a rebound.
4:15 of 2nd period - Tomas Hertl wins face-off versus Luke Adam in Ice Dragons zone.
4:16 of 2nd period - Wrist shot by Devante Smith-Pelly.
4:16 of 2nd period - Shot Misses the Net.
4:30 of 2nd period - Snap shot by Tomas Hertl.
4:30 of 2nd period - Deflect By Devante Smith-Pelly.
4:30 of 2nd period - Goal by Devante Smith-Pelly - Gangsters : 1 - Ice Dragons : 2.
4:31 of 2nd period - Tomas Hertl wins face-off versus Michael Ferland in neutral zone.
4:40 of 2nd period - Snap shot by Chris Wagner.
4:40 of 2nd period - Goal by Chris Wagner - Gangsters : 1 - Ice Dragons : 3.
4:41 of 2nd period - Tomas Hertl wins face-off versus Michael Chaput in neutral zone.
4:43 of 2nd period - Minor Penalty to Devante Smith-Pelly for Hooking.
4:44 of 2nd period - Maxime Sauvé wins face-off versus Brandon Kozun in Gangsters zone.
5:39 of 2nd period - Icing by Luke Adam.
5:40 of 2nd period - Brandon Kozun wins face-off versus Alexander Wennberg in Ice Dragons zone.
6:01 of 2nd period - Off-side.
6:02 of 2nd period - Michael Chaput wins face-off versus Richard Panik in neutral zone.
6:15 of 2nd period - Backhand shot by David Rundblad.
6:15 of 2nd period - Stopped by Mike Condon without a rebound.
6:16 of 2nd period - Luke Adam wins face-off versus Maxime Sauvé in Gangsters zone.
6:25 of 2nd period - Slapshot by Luke Adam.
6:25 of 2nd period - Goal by Luke Adam - Gangsters : 1 - Ice Dragons : 4.
6:26 of 2nd period - Maxime Sauvé wins face-off versus Luke Adam in neutral zone.
6:53 of 2nd period - David Rundblad is hit by Devante Smith-Pelly and loses puck.
7:36 of 2nd period - Alex Plante is hit by Ryan Culkin and loses puck.
7:40 of 2nd period - Icing by Alex Plante.
7:41 of 2nd period - Seth Griffith wins face-off versus Emil Pettersson in Ice Dragons zone.
7:46 of 2nd period - Slapshot by Jonas Brodin.
7:46 of 2nd period - Shot Blocked by David Rundblad.
7:48 of 2nd period - Slapshot by Jonas Brodin.
7:48 of 2nd period - Stopped by Harru Sateri with a rebound.
7:50 of 2nd period - Slapshot by Sebastian Collberg.
7:50 of 2nd period - Shot Misses the Net.
7:52 of 2nd period - Slapshot by Jonas Brodin.
7:52 of 2nd period - Shot Blocked by David Rundblad.
7:54 of 2nd period - Backhand shot by Derrick Pouliot.
7:54 of 2nd period - Shot Misses the Net.
8:00 of 2nd period - Wrist shot by Sebastian Collberg.
8:00 of 2nd period - Stopped by Harru Sateri with a rebound.
8:02 of 2nd period - Slapshot by Derrick Pouliot.
8:02 of 2nd period - Shot Blocked by Thomas Gobeil.
8:04 of 2nd period - Snap shot by Matt Delahey.
8:04 of 2nd period - Shot Misses the Net.
8:06 of 2nd period - Wrist shot by Brett Ponich.
8:06 of 2nd period - Stopped by Harru Sateri without a rebound.
8:07 of 2nd period - Brandon Kozun wins face-off versus Maxime Sauvé in Ice Dragons zone.
8:07 of 2nd period - Brandon Kozun is hit by Richard Panik.
9:11 of 2nd period - Phillip Danault is hit by Matt Corrente.
9:23 of 2nd period - Slapshot by Luke Adam.
9:23 of 2nd period - Stopped by Mike Condon with a rebound.
9:25 of 2nd period - Snap shot by Brandon Kozun.
9:25 of 2nd period - Goal by Brandon Kozun - Gangsters : 1 - Ice Dragons : 5.
9:26 of 2nd period - Brandon Kozun wins face-off versus Maxime Sauvé in neutral zone.
9:33 of 2nd period - Snap shot by Brandon Kozun.
9:33 of 2nd period - Goal by Brandon Kozun - Gangsters : 1 - Ice Dragons : 6.
9:33 of 2nd period - Dustin Tokarski enters game.
9:34 of 2nd period - Luke Adam wins face-off versus Richard Panik in neutral zone.
10:06 of 2nd period - Slapshot by David Rundblad.
10:06 of 2nd period - Deflect By Devante Smith-Pelly.
10:06 of 2nd period - Goal by David Rundblad - Gangsters : 1 - Ice Dragons : 7.
10:07 of 2nd period - Maxime Sauvé wins face-off versus Luke Adam in neutral zone.
11:51 of 2nd period - Wrist shot by Tomas Hertl.
11:51 of 2nd period - Stopped by Harru Sateri without a rebound.
11:52 of 2nd period - Michael Chaput wins face-off versus Tomas Hertl in Ice Dragons zone.
12:25 of 2nd period - Wrist shot by Luke Adam.
12:25 of 2nd period - Stopped by Dustin Tokarski without a rebound.
12:26 of 2nd period - Michael Chaput wins face-off versus Alexander Wennberg in Gangsters zone.
12:29 of 2nd period - Slapshot by Michael Chaput.
12:29 of 2nd period - Stopped by Dustin Tokarski without a rebound.
12:30 of 2nd period - Michael Ferland wins face-off versus Alexander Wennberg in Gangsters zone.
12:31 of 2nd period - Wrist shot by Michael Chaput.
12:31 of 2nd period - Stopped by Dustin Tokarski with a rebound.
13:18 of 2nd period - Slapshot by Matt Corrente.
13:18 of 2nd period - Stopped by Dustin Tokarski with a rebound.
13:20 of 2nd period - Slapshot by Matt Corrente.
13:20 of 2nd period - Shot Blocked by Jonas Brodin.
13:22 of 2nd period - Slapshot by Matt Corrente.
13:22 of 2nd period - Deflect By Jonas Brodin.
13:22 of 2nd period - Stopped by Dustin Tokarski with a rebound.
13:24 of 2nd period - Slapshot by Sam Carrick.
13:24 of 2nd period - Shot Misses the Net.
13:26 of 2nd period - Slapshot by Cole Ully.
13:26 of 2nd period - Shot Misses the Net.
13:28 of 2nd period - Wrist shot by Matt Corrente.
13:28 of 2nd period - Deflect By Jonas Brodin.
13:28 of 2nd period - Stopped by Dustin Tokarski with a rebound.
13:38 of 2nd period - Thomas Gobeil is hit by Phillip Danault and loses puck.
13:45 of 2nd period - Wrist shot by Alexander Wennberg.
13:45 of 2nd period - Shot Misses the Net.
13:59 of 2nd period - Snap shot by Maxime Sauvé.
13:59 of 2nd period - Stopped by Harru Sateri with a rebound.
14:01 of 2nd period - Slapshot by Steven Santini.
14:01 of 2nd period - Deflect By Richard Panik.
14:01 of 2nd period - Shot Misses the Net.
14:01 of 2nd period - Puck is out of play.
14:02 of 2nd period - Maxime Sauvé wins face-off versus Michael Chaput in Ice Dragons zone.
14:22 of 2nd period - Snap shot by Maxime Sauvé.
14:22 of 2nd period - Shot Blocked by Alex Plante.
14:24 of 2nd period - Snap shot by Richard Panik.
14:24 of 2nd period - Stopped by Harru Sateri with a rebound.
14:58 of 2nd period - Snap shot by Michael Ferland.
14:58 of 2nd period - Shot Misses the Net.
15:00 of 2nd period - Slapshot by Samuel Groulx.
15:00 of 2nd period - Deflect By Michael Ferland.
15:00 of 2nd period - Stopped by Dustin Tokarski with a rebound.
15:21 of 2nd period - Slapshot by Michael Chaput.
15:21 of 2nd period - Shot Blocked by Jonas Brodin.
15:30 of 2nd period - Off-side.
15:31 of 2nd period - Luke Adam wins face-off versus Tomas Hertl in neutral zone.
15:47 of 2nd period - Minor Penalty to David Pope for Tripping.
15:48 of 2nd period - Devante Smith-Pelly wins face-off versus Luke Adam in Gangsters zone.
16:04 of 2nd period - Wrist shot by Luke Adam.
16:04 of 2nd period - Stopped by Dustin Tokarski without a rebound.
16:05 of 2nd period - Luke Adam wins face-off versus Maxime Sauvé in Gangsters zone.
16:08 of 2nd period - Snap shot by Brandon Kozun.
16:08 of 2nd period - Stopped by Dustin Tokarski without a rebound.
16:09 of 2nd period - Maxime Sauvé wins face-off versus Luke Adam in Gangsters zone.
16:40 of 2nd period - Slapshot by Matt Corrente.
16:40 of 2nd period - Stopped by Dustin Tokarski with a rebound.
16:42 of 2nd period - Slapshot by David Rundblad.
16:42 of 2nd period - Goal by David Rundblad - Gangsters : 1 - Ice Dragons : 8.
16:43 of 2nd period - Devante Smith-Pelly wins face-off versus Luke Adam in neutral zone.
16:59 of 2nd period - Brett Ponich is hit by Matt Corrente and loses puck.
17:10 of 2nd period - David Pope is hit by Matt Corrente and loses puck.
17:17 of 2nd period - Snap shot by Matt Delahey.
17:17 of 2nd period - Deflect By Devante Smith-Pelly.
17:17 of 2nd period - Shot Misses the Net.
17:17 of 2nd period - Puck is out of play.
17:18 of 2nd period - Sam Carrick wins face-off versus Maxime Sauvé in Ice Dragons zone.
18:30 of 2nd period - Snap shot by Emil Pettersson.
18:30 of 2nd period - Shot Misses the Net.
18:41 of 2nd period - Icing by Tomas Hertl.
18:42 of 2nd period - Maxime Sauvé wins face-off versus Sam Carrick in Gangsters zone.
19:09 of 2nd period - Brett Ponich is hit by Matt Corrente and loses puck.
19:24 of 2nd period - Snap shot by Sam Carrick.
19:24 of 2nd period - Shot Misses the Net.
19:44 of 2nd period - Icing by Samuel Groulx.
19:45 of 2nd period - Tomas Hertl wins face-off versus Sam Carrick in Ice Dragons zone.
Goals for this period are 1 for Gangsters vs 7 for Ice Dragons.
Shots for this period are 14 for Gangsters vs 23 for Ice Dragons.
3rd period
0:01 of 3rd period - William Carrier wins face-off versus Tomas Hertl in neutral zone.
0:27 of 3rd period - Michael Chaput is hit by Stefan Noesen and loses puck.
0:52 of 3rd period - Slapshot by Kevin Connauton.
0:52 of 3rd period - Shot Misses the Net.
0:54 of 3rd period - Snap shot by Cole Ully.
0:54 of 3rd period - Stopped by Dustin Tokarski with a rebound.
1:06 of 3rd period - Alex Plante is hit by Richard Panik and loses puck.
1:31 of 3rd period - Emil Pettersson is hit by David Pope and loses puck.
1:42 of 3rd period - Slapshot by Tomas Hertl.
1:42 of 3rd period - Shot Misses the Net.
1:53 of 3rd period - Icing by Kevin Connauton.
1:54 of 3rd period - Sam Carrick wins face-off versus Alexander Wennberg in Ice Dragons zone.
2:22 of 3rd period - Icing by Phillip Danault.
2:23 of 3rd period - Luke Adam wins face-off versus Alexander Wennberg in Gangsters zone.
2:39 of 3rd period - Off-side.
2:40 of 3rd period - Michael Chaput wins face-off versus Tomas Hertl in neutral zone.
3:27 of 3rd period - Sebastian Collberg is hit by Cole Ully and loses puck.
3:39 of 3rd period - Minor Penalty to Justin Shugg for High sticking.
3:40 of 3rd period - Luke Adam wins face-off versus Maxime Sauvé in Ice Dragons zone.
3:50 of 3rd period - Snap shot by Maxime Sauvé.
3:50 of 3rd period - Goal by Maxime Sauvé - Gangsters : 2 - Ice Dragons : 8.
3:51 of 3rd period - Luke Adam wins face-off versus Tomas Hertl in neutral zone.
4:02 of 3rd period - Slapshot by Luke Adam.
4:02 of 3rd period - Stopped by Dustin Tokarski with a rebound.
4:04 of 3rd period - Wrist shot by William Carrier.
4:04 of 3rd period - Stopped by Dustin Tokarski without a rebound.
4:05 of 3rd period - Luke Adam wins face-off versus Maxime Sauvé in Gangsters zone.
4:10 of 3rd period - Wrist shot by William Carrier.
4:10 of 3rd period - Stopped by Dustin Tokarski without a rebound.
4:11 of 3rd period - Maxime Sauvé wins face-off versus William Carrier in Gangsters zone.
4:38 of 3rd period - Slapshot by Matt Delahey.
4:38 of 3rd period - Deflect By Michael Chaput.
4:38 of 3rd period - Stopped by Harru Sateri with a rebound.
4:40 of 3rd period - Snap shot by Tomas Hertl.
4:40 of 3rd period - Shot Misses the Net.
4:58 of 3rd period - Slapshot by Seth Griffith.
4:58 of 3rd period - Goal by Seth Griffith - Gangsters : 3 - Ice Dragons : 8.
4:59 of 3rd period - Tomas Hertl wins face-off versus Luke Adam in neutral zone.
5:13 of 3rd period - Snap shot by Devante Smith-Pelly.
5:13 of 3rd period - Stopped by Harru Sateri with a rebound.
5:21 of 3rd period - Minor Penalty to Luke Adam for Interference.
5:22 of 3rd period - Cole Ully wins face-off versus Maxime Sauvé in Ice Dragons zone.
6:03 of 3rd period - Wrist shot by Devante Smith-Pelly.
6:03 of 3rd period - Goal by Devante Smith-Pelly - Gangsters : 4 - Ice Dragons : 8.
6:04 of 3rd period - Maxime Sauvé wins face-off versus Luke Adam in neutral zone.
6:06 of 3rd period - Off-side.
6:07 of 3rd period - Maxime Sauvé wins face-off versus Luke Adam in neutral zone.
6:13 of 3rd period - Off-side.
6:14 of 3rd period - Maxime Sauvé wins face-off versus Luke Adam in neutral zone.
6:34 of 3rd period - Snap shot by Richard Panik.
6:34 of 3rd period - Stopped by Harru Sateri with a rebound.
6:50 of 3rd period - Off-side.
6:51 of 3rd period - Chris Wagner wins face-off versus Tomas Hertl in neutral zone.
7:17 of 3rd period - Justin Shugg is hit by Stefan Noesen and loses puck.
8:06 of 3rd period - Slapshot by Luke Adam.
8:06 of 3rd period - Stopped by Dustin Tokarski with a rebound.
8:40 of 3rd period - Wrist shot by Sam Carrick.
8:40 of 3rd period - Shot Misses the Net.
8:42 of 3rd period - Wrist shot by Cole Ully.
8:42 of 3rd period - Shot Misses the Net.
8:44 of 3rd period - Wrist shot by Sam Carrick.
8:44 of 3rd period - Deflect By Justin Shugg.
8:44 of 3rd period - Shot Misses the Net.
8:44 of 3rd period - Puck is out of play.
8:45 of 3rd period - Luke Adam wins face-off versus Maxime Sauvé in Gangsters zone.
8:54 of 3rd period - Slapshot by Matt Delahey.
8:54 of 3rd period - Stopped by Harru Sateri with a rebound.
8:56 of 3rd period - Slapshot by Richard Panik.
8:56 of 3rd period - Stopped by Harru Sateri with a rebound.
8:58 of 3rd period - Snap shot by Richard Panik.
8:58 of 3rd period - Shot Blocked by Michael Stone.
9:10 of 3rd period - Michael Ferland is hit by Tomas Hertl and loses puck.
9:57 of 3rd period - Slapshot by Emil Pettersson.
9:57 of 3rd period - Shot Blocked by Jonas Brodin.
10:03 of 3rd period - Slapshot by Michael Stone.
10:03 of 3rd period - Stopped by Dustin Tokarski with a rebound.
10:19 of 3rd period - Sebastian Collberg is hit by Chris Wagner and loses puck.
10:38 of 3rd period - Snap shot by Seth Griffith.
10:38 of 3rd period - Stopped by Harru Sateri with a rebound.
10:50 of 3rd period - Snap shot by Seth Griffith.
10:50 of 3rd period - Shot Blocked by David Rundblad.
11:00 of 3rd period - Snap shot by Sebastian Collberg.
11:00 of 3rd period - Stopped by Harru Sateri without a rebound.
11:01 of 3rd period - Michael Chaput wins face-off versus Dave Dziurzynski in Ice Dragons zone.
11:26 of 3rd period - Brett Ponich is hit by Sam Carrick and loses puck.
12:08 of 3rd period - Jordan Subban is hit by David Rundblad and loses puck.
12:17 of 3rd period - Richard Panik is hit by Matt Corrente and loses puck.
13:09 of 3rd period - Snap shot by Brandon Kozun.
13:09 of 3rd period - Stopped by Dustin Tokarski with a rebound.
13:22 of 3rd period - Icing by David Rundblad.
13:23 of 3rd period - Alex Henriksson wins face-off versus Seth Griffith in Ice Dragons zone.
13:59 of 3rd period - Brandon Kozun is hit by Richard Panik and loses puck.
14:11 of 3rd period - Off-side.
14:12 of 3rd period - Michael Chaput wins face-off versus Tomas Hertl in neutral zone.
14:19 of 3rd period - Slapshot by Michael Chaput.
14:19 of 3rd period - Deflect By Chris Wagner.
14:19 of 3rd period - Shot Misses the Net.
14:19 of 3rd period - Puck is out of play.
14:20 of 3rd period - Luke Adam wins face-off versus Maxime Sauvé in Gangsters zone.
14:31 of 3rd period - Wrist shot by Luke Adam.
14:31 of 3rd period - Stopped by Dustin Tokarski with a rebound.
14:33 of 3rd period - Slapshot by David Rundblad.
14:33 of 3rd period - Deflect By Brett Ponich.
14:33 of 3rd period - Stopped by Dustin Tokarski without a rebound.
14:34 of 3rd period - Tomas Hertl wins face-off versus Michael Chaput in Gangsters zone.
14:42 of 3rd period - Icing by David Rundblad.
14:43 of 3rd period - Tomas Hertl wins face-off versus Michael Chaput in Ice Dragons zone.
15:44 of 3rd period - Snap shot by Devante Smith-Pelly.
15:44 of 3rd period - Deflect By Tomas Hertl.
15:44 of 3rd period - Shot Blocked by David Rundblad.
15:44 of 3rd period - Puck is out of play.
15:45 of 3rd period - Luke Adam wins face-off versus Maxime Sauvé in Ice Dragons zone.
15:45 of 3rd period - Luke Adam is hit by Maxime Sauvé.
15:56 of 3rd period - Snap shot by Luke Adam.
15:56 of 3rd period - Shot Misses the Net.
16:10 of 3rd period - Alexander Wennberg is hit by Sam Carrick.
16:38 of 3rd period - Jonas Brodin is hit by Emil Pettersson and loses puck.
16:55 of 3rd period - Wrist shot by Maxime Sauvé.
16:55 of 3rd period - Stopped by Harru Sateri without a rebound.
16:56 of 3rd period - Maxime Sauvé wins face-off versus Luke Adam in Ice Dragons zone.
18:12 of 3rd period - Wrist shot by David Rundblad.
18:12 of 3rd period - Shot Blocked by Stefan Noesen.
18:14 of 3rd period - Slapshot by David Rundblad.
18:14 of 3rd period - Shot Blocked by Steven Santini.
18:16 of 3rd period - Slapshot by Matt Corrente.
18:16 of 3rd period - Stopped by Dustin Tokarski with a rebound.
19:44 of 3rd period - Wrist shot by Devante Smith-Pelly.
19:44 of 3rd period - Shot Blocked by Michael Stone.
19:46 of 3rd period - Snap shot by David Pope.
19:46 of 3rd period - Shot Blocked by Kevin Connauton.
19:48 of 3rd period - Snap shot by Devante Smith-Pelly.
19:48 of 3rd period - Stopped by Harru Sateri with a rebound.
Goals for this period are 3 for Gangsters vs 0 for Ice Dragons.
Shots for this period are 12 for Gangsters vs 10 for Ice Dragons.
Back to the Top